 Dungeon Crawl Stone Soup version 0.32-a0-765-gfba4d74c8c (webtiles) character file.

Game seed: 13693010176888157460

0 GordonOverkill the Sneak (level 1, -1/18 HPs)
             Began as a Demonspawn Delver on Mar 18, 2024.
             Was an Initiate of Qazlal.
             Succumbed to an adder's poison
             ... on level 5 of the Dungeon.
             The game lasted 00:00:27 (62 turns).

GordonOverkill the Sneak (Demonspawn Delver)          Turns: 62, Time: 00:00:28

Health: -1/18      AC:  3    Str: 12    XL:     1   Next: 0%
Magic:  1/1        EV: 10    Int: 10    God:    Qazlal [......]
Gold:   0          SH:  0    Dex: 14    Spells: 0/0 levels left

rFire   . . .        a - +0 hand axe
rCold   . . .        (no shield)
rNeg    . . .        b - +0 leather armour
rPois   .            (no helmet)
rElec   .            (no cloak)
rCorr   .            (no gloves)
SInv    .            (no boots)
Will    .....        (no amulet)
Stlth   ++           (no ring)
HPRegen 0.23/turn    (no ring)
MPRegen 0.07/turn

%: no passive effects
@: lethally poisoned (-1 -> -8)
A: no striking features
a: Renounce Religion


You were on level 5 of the Dungeon.
You worshipped Qazlal.
Qazlal was noncommittal.
You visited 1 branch of the dungeon, and saw 2 of its levels.

Inventory:

Hand Weapons
 a - a +0 hand axe (weapon)
 h - a +0 war axe
Armour
 b - a +0 leather armour (worn)
Wands
 g - a wand of digging (3)
Scrolls
 c - a scroll of fog
 d - a scroll of revelation
 e - 2 scrolls of fear
Potions
 f - a potion of haste


   Skills:
 - Level 3.0 Fighting
 + Level 1.7 Axes
 - Level 1.7 Dodging
 - Level 4.5 Stealth


You couldn't memorise any spells.
You didn't know any spells.
Your spell library was empty.

Dungeon Overview and Level Annotations

Branches:
Dungeon (6/15)
 Temple: D:4-7

Altars:
Qazlal


Message History

Found a scroll of fear.
e - 2 scrolls of fear (gained 1)
An adder and an iguana come into view.
The iguana moves out of view.
You hit the adder but do no damage. The adder bites you.
You are poisoned.
The adder poisons you! The adder bites you.
You completely miss the adder.
You feel sick. The adder bites you but does no damage. The adder bites you.
You are more poisoned.
The adder poisons you!
You hit the adder.
The adder is heavily wounded.
You feel sick. The adder bites you but does no damage.
You miss the adder.
The adder is heavily wounded.
You feel sick. The adder misses you. The adder bites you.
* * * LOW HITPOINT WARNING * * *
You are more poisoned.
The adder poisons you!
You miss the adder.
The adder is heavily wounded.
* * * LOW HITPOINT WARNING * * *
You feel very sick. The adder closely misses you.
You hit the adder.
The adder is severely wounded.
* * * LOW HITPOINT WARNING * * *
You feel sick. The adder bites you.
* * * LOW HITPOINT WARNING * * *
You are more poisoned.
The adder poisons you! The adder misses you.
You hit the adder.
The adder is almost dead.
* * * LOW HITPOINT WARNING * * *
You feel sick. The adder misses you. The adder barely misses you.
You hit the adder.
You kill the adder!
Qazlal accepts your kill.
You die...

#.....S....# #.#..........#
.....#.######.###.#.P.PPP.P.##
......#.# #.......P.....P.##
#.... #.# #.####..P.._..P...
#.#.# #.# #.# ##.P.....P.#. #
#. #.# #.# #.P.PPP.P.#. . ..#
#.# #........... ## #†#


#.PPPPPPP.## #@# #.........# #....##.###.#..## .###.##.. .....# .. ...# .#...#
... ..$. ...o.o ##.. ##.# oo ##. #.# #. There were no monsters in sight!

Vanquished Creatures
  An adder (D:5)
1 creature vanquished.

Notes
Turn   | Place    | Note
-------+----------+-------------------------------------------
     0 | D:5      | GordonOverkill the Demonspawn Delver began the quest for
                  | the Orb.
     0 | D:5      | Reached XP level 1. HP: 18/18 MP: 1/1
     7 | D:5      | Found a stormy altar of Qazlal.
    15 | D:5      | Became a worshipper of Qazlal Stormbringer
    18 | D:5      | Noticed an orc wizard
    18 | D:5      | Noticed an orc priest
    36 | D:5      | Noticed an iguana
    62 | D:5      | Succumbed to an adder's poison

Illustrated notes

Levels and vault maps discovered:
D:5:      layout_loops_corners, mainiacjoe_overflow_cross_hatched,
          mainiacjoe_overflow_small_starburst
D:6:      layout_layer_cave, trog_butcher_becter, enter_ossuary_4,
          minmay_manual_mail

Action                     || total
---------------------------++-------
  Melee: Hand axe          ||     8
 Armour: Leather armour    ||     7
  Dodge: Dodged            ||     5

Table legend: (Time is in decaauts)
 A = Elapsed time spent in this place.
 B = Non-inter-level travel time spent in this place.
 C = Inter-level travel time spent in this place.
 D = Time resting spent in this place.
 E = Time spent auto-exploring this place.
 F = Levels seen in this place.
 G = Mean time per level.
                   A        B        C        D        E       F      G
               +--------+--------+--------+--------+--------+-----+--------+
         Total |     63 |     63 |      0 |      0 |      0 |   2 |   31.5 |
       Dungeon |     63 |     63 |      0 |      0 |      0 |   2 |   31.5 |
               +--------+--------+--------+--------+--------+-----+--------+

Top non-repeatable levels by time:
     D:5: 62 daAuts
     D:6: 1 daAuts
